 Dungeon Crawl Stone Soup version 0.21-a0-143-g1ab7d47 (webtiles) character file.

85053 drasked the Bludgeoner (level 15, -3/143 HPs)
             Began as a Hill Orc Fighter on July 25, 2017.
             Was the Champion of Beogh.
             Shot with a bolt by Vashnia (5 damage)
             ... on level 2 of the Snake Pit.
             The game lasted 01:40:12 (32952 turns).

drasked the Bludgeoner (Hill Orc Fighter)          Turns: 32952, Time: 01:40:12

Health: -3/143     AC: 29    Str: 26    XL:     15   Next: 82%
Magic:  18/18      EV:  9    Int: 10    God:    Beogh [******]
Gold:   1604       SH:  9    Dex: 10    Spells: 14/14 levels left

rFire    + . .     SeeInvis .   u - +7 morningstar of Destiny {speed, Str+4}
rCold    . . .     Gourm    +   V - +3 buckler of Zaxt {rF+ Str-4 Int+2}
rNeg     . . .     Faith    .   s - +3 chain mail
rPois    +         Spirit   .   Z - +1 helmet
rElec    .         Reflect  .   a - scarf {repulsion}
rCorr    .         Harm     .   r - +0 pair of gloves
MR       +....                  D - +1 pair of boots
Stlth    ..........             A - amulet of the gourmand {Gourm, !d}
HPRegen  0.33/turn              b - +6 ring of protection
MPRegen  0.16/turn              y - ring of poison resistance {rPois, !d}

@: repel missiles
A: walk on water
a: Smiting, Recall Orcish Followers, Give Item to Named Follower, Resurrection,
Renounce Religion


You were on level 2 of the Snake Pit.
You worshipped Beogh.
Beogh was exalted by your worship.
You were not hungry.

You visited 3 branches of the dungeon, and saw 23 of its levels.
You also visited: Labyrinth and Sewer.

You collected 1777 gold pieces.
You spent 173 gold pieces at shops.

Inventory:

Hand Weapons
 u - the +7 morningstar of Destiny (weapon) {speed, Str+4}
   (You found it on level 13 of the Dungeon)

   Attacks with this weapon are significantly faster.
   It affects your strength (+4).
 K - a +2 great sword of flaming
   (You took it off a fire giant on level 14 of the Dungeon)
 M - a +2 great mace of flaming {!w}
   (You acquired it on level 4 of the Lair of Beasts)
 Y - the +9 short sword of Peval {pierce, rF- Str+4 Dex+10}
   (You found it in a labyrinth)

   It inflicts extra damage upon your enemies.
   It affects your strength (+4).
   It affects your dexterity (+10).
   It makes you vulnerable to fire.
Armour
 a - a scarf of repulsion (worn)
   (You found it on level 4 of the Lair of Beasts)
 r - a +0 pair of gloves (worn)
   (You found it on level 2 of the Dungeon)
 s - a +3 chain mail (worn)
   (You found it in a labyrinth)
 D - a +1 pair of boots (worn)
   (You found it on level 9 of the Dungeon)
 F - a +0 shield
 V - the +3 buckler of Zaxt (worn) {rF+ Str-4 Int+2}
   (You found it on level 1 of the Snake Pit)

   It affects your strength (-4).
   It affects your intelligence (+2).
   It protects you from fire.
 Z - a +1 helmet (worn)
   (You found it on level 1 of the Snake Pit)
Jewellery
 b - a +6 ring of protection (left hand)
   (You found it on level 1 of the Lair of Beasts)
 l - a +3 ring of slaying
   (You found it on level 1 of the Dungeon)
 y - a ring of poison resistance (right hand) {rPois, !d}
   (You found it on level 5 of the Lair of Beasts)
 A - an amulet of the gourmand (around neck) {Gourm, !d}
   (You took it off a minotaur in a labyrinth)
 O - an uncursed ring of resist corrosion
   (You found it on level 6 of the Lair of Beasts)
Wands
 C - a wand of paralysis (15/24)
   (You found it on level 1 of the Snake Pit)
 H - a wand of lightning (9/15)
   (You found it on level 14 of the Dungeon)
 P - a wand of paralysis (10/24)
   (You found it on level 14 of the Dungeon)
 Q - a wand of flame (30/48)
   (You found it on level 2 of the Snake Pit)
 W - a wand of polymorph (7/24)
   (You took it off a naga on level 1 of the Snake Pit)
 X - a wand of scattershot (7/9)
   (You found it on level 2 of the Lair of Beasts)
Scrolls
 g - 8 scrolls of blinking {!r}
 k - 9 scrolls of identify
 m - 3 scrolls of immolation {!r}
 n - 5 scrolls of teleportation
 q - 6 scrolls of fog
 v - 5 scrolls of magic mapping {!r}
 x - 10 scrolls of recharging
 E - 11 scrolls of remove curse
 G - 3 scrolls of brand weapon
 I - 3 scrolls of enchant weapon
 S - 2 scrolls of fear
 T - 7 scrolls of amnesia
Potions
 c - a potion of resistance {unknown}
 e - 2 potions of haste
 h - 8 potions of curing
 i - 6 potions of lignification {!q}
 j - 3 potions of magic
 p - 5 potions of brilliance
 t - 7 potions of flight
 z - 2 potions of might
 B - 5 potions of mutation {!q}
 J - 3 potions of berserk rage {!q}
 L - 2 potions of ambrosia {unknown}
 U - a potion of heal wounds
Miscellaneous
 d - a box of beasts
Comestibles
 f - 9 bread rations {@e1}
 o - 14 royal jellies
 w - 14 meat rations {@e2}
 N - 23 fruits


   Skills:
 + Level 15.9 Fighting
 - Level 18.0 Maces & Flails
 + Level 14.9 Armour
 + Level 10.5 Shields
 + Level 4.8 Invocations


You had 14 spell levels left.
You didn't know any spells.

Dungeon Overview and Level Annotations

Branches:
Dungeon (15/15)            Temple (0/1) D:5            Lair (6/6) D:10
 Shoals (0/4) Lair:4        Snake (2/4) Lair:4        Slime (0/5) Lair:6
    Orc (0/2) D:10         Vaults (0/5) D:14         Depths (0/5) D:15

Altars:
Ashenzari
Cheibriados
Dithmenos
Gozag
Hepliaklqana
Makhleb
Okawaru
Qazlal
Uskayaw
Yredelemnul
The Shining One

Shops:
D:8 *

Portals:
Hell: Lair:6
Trove: D:10 (give +5 demon blade)

Annotations:
Snake:2 Vashnia


Message History

The naga sharpshooter mumbles some strange words.
The naga sharpshooter magically shoots an arrow.
You block the arrow.
You puncture the naga sharpshooter!
Your orc knight hits the salamander mystic with a halberd!!
The salamander mystic dies!
Beogh accepts your kill.
The salamander hits you from afar with a halberd.
You are engulfed in flames.
You resist.
Your orc knight hits Vashnia with a flail!!
Vashnia spits poison at you. The splash of poison hits you! You resist.
The naga sharpshooter mumbles some strange words.
The naga sharpshooter magically shoots an arrow.
The arrow hits you.
You take 12 damage, and have 103/143 hp.
You sock the naga sharpshooter!
The salamander shoots an arrow.
The arrow hits your orc knight! The arrow burns your orc knight.
The naga sharpshooter casts a spell.
The naga sharpshooter magically shoots an arrow.
The arrow hits you!
Your orc knight hits Vashnia with a war axe!
Your orc knight hits the salamander with a war axe!!
Bogric shoots an arrow.
The arrow hits the salamander.
You take 13 damage, and have 90/143 hp.
You closely miss the naga sharpshooter.
The naga sharpshooter shoots an arrow.
You block the arrow.
Vashnia shoots a bolt.
You block the bolt.
The naga sharpshooter gestures wildly while chanting.
The naga sharpshooter magically shoots an arrow.
The arrow is repelled.
You block the salamander's attack.
Your orc knight hits the salamander with a halberd!
Your orc knight closely misses Vashnia.
You barely miss the naga sharpshooter.
The salamander shoots an arrow.
The arrow barely misses your orc knight.
The arrow hits you. The arrow burns you.
The naga sharpshooter spits poison at you.
The splash of poison misses you.
The splash of poison hits your orc knight.
Your orc knight is poisoned.
You take 4 damage, and have 86/143 hp.
You impale Vashnia!!
Your orc knight closely misses Vashnia.
Your orc knight hits the salamander with a war axe.
The naga sharpshooter gestures wildly while chanting.
The naga sharpshooter magically shoots an arrow.
You block the arrow.
The naga sharpshooter shoots an arrow.
You block the arrow.
You closely miss Vashnia. You block the salamander's attack.
Your orc knight hits the salamander with a halberd!
Vashnia shoots a bolt.
The bolt hits you! The bolt burns you.
The salamander shoots an arrow.
The arrow is repelled.
The naga sharpshooter mumbles some strange words.
The naga sharpshooter magically shoots an arrow.
The arrow hits you but does no damage.
You take 15 damage, and have 71/143 hp.
You miss Vashnia.
Bogric unwields the +8 storm bow {elec}.
It stops crackling.
Bogric wields a +2 quarterstaff.
Bogric hits the salamander with a +2 quarterstaff!
Your orc knight barely misses Vashnia.
Your orc knight hits the naga sharpshooter with a war axe!!
Your orc knight hits the salamander with a war axe!
You barely miss Vashnia.
The naga sharpshooter spits poison at you.
The splash of poison hits you! You resist.
The salamander hits you but does no damage.
Your orc knight hits the salamander with a halberd!!
The naga sharpshooter shoots an arrow.
You block the arrow.
You sock Vashnia!
Zorug no longer looks unusually strong.
The salamander unwields an uncursed shortbow of flaming.
It stops flaming.
The salamander hits Zorug!
Zorug is engulfed in flames!
Vashnia mumbles some strange words.
Vashnia magically shoots a bolt.
The bolt hits you!!!
* * * LOW HITPOINT WARNING * * *
The bolt burns you.
* * * LOW HITPOINT WARNING * * *
You take 39 damage, and have 33/143 hp.
MASSIVE DAMAGE!!
You hit the naga sharpshooter.
Your orc knight hits the naga sharpshooter with a war axe!
Your orc knight completely misses the salamander.
Your orc knight hits Vashnia with a war axe.
The naga sharpshooter shoots an arrow.
The arrow misses your orc knight.
The arrow hits the salamander!
The salamander dies!
Your orc knight barely misses the naga sharpshooter.
The naga sharpshooter shoots an arrow.
You block the arrow.
You feel much better.
The salamander hits you but does no damage.
Your orc knight hits the salamander with a halberd!
Zorug mumbles some strange prayers to Beogh.
The naga sharpshooter casts a spell.
The naga sharpshooter magically shoots an arrow.
The arrow hits you!
* * * LOW HITPOINT WARNING * * *
Vashnia shoots a bolt.
The bolt hits you!!!
* * * LOW HITPOINT WARNING * * *
The bolt burns you.
You die...

## ..##### ....(..####
..........######
............#..#
#..........(#..#
#.....No?..#..####
#.....@.N.##.....###
#...NNoo)o#........##
......No).((.........###
.#......4#.##...........
#.(....##..#...........
#####..<..####.........
####..# ...........
......#.........
....#..##........


You could see Vashnia, 3 naga sharpshooters, a salamander, 3 friendly orc
knights, the friendly Bogric the orc high priest, the friendly Zorug the orc
high priest and a friendly ice devil.

Vanquished Creatures
  A fire giant (D:14)
  A frost giant (D:15)
  A stone giant (D:14)
  A fire dragon (D:15)
  A minotaur (Lab)
  The ghost of Protee the Martial Artist, a journeyman OpTm of Cheibriados (Lair:3)
  A catoblepas (Lair:5)
  A vault guard (D:10)
  4 hydras
  5 naga warriors
  4 anacondas
  An ogre mage (D:14)
  4 two-headed ogres
  3 centaur warriors
  A queen ant (Lair:3)
  A death yak (Lair:5)
  2 naga sharpshooters (Snake:2)
  Nergalle (D:10)
  A sixfirhy (Lair:6)
  2 salamander mystics
  An unseen horror (D:9)
  A naga ritualist (Snake:2)
  A wizard (Lair:6)
  An orc knight (D:15)
  4 ugly things
  A salamander (Snake:1)
  2 manticores
  5 elephants (Lair:6)
  2 cyclopes
  A centaur zombie (D:13)
  10 black mambas
  5 naga magi
  A torpor snail (Lair:3)
  5 spiny frogs
  An orange demon (Lair:6)
  5 komodo dragons
  A redback zombie (D:15)
  An efreet (D:14)
  A kobold demonologist (D:13)
  3 rime drakes (Lair:6)
  A rime drake (shapeshifter) (D:14)
  A tengu conjurer (D:15)
  A yaktaur (D:15)
  A meliai (D:15)
  3 ice devils (Lair:6)
  4 polar bears
  5 trolls
  A hornet (D:14)
  A wolf spider simulacrum (D:12)
  5 dream sheep
  9 hippogriffs
  13 blink frogs
  A shadow (D:14)
  A wyvern (D:8)
  A wraith (D:14)
  A water elemental (D:12)
  A human (D:9)
  A vampire (D:14)
  4 basilisks
  3 hogs (D:9)
  17 yaks
  5 hungry ghosts
  A steam dragon (D:13)
  5 soldier ants (Lair:3)
  5 water moccasins
  4 hell hounds (Lair:6)
  7 nagas
  2 porcupines (Lair:3)
  An ice beast (D:14)
  A phantom (D:5)
  2 eyes of draining
  4 sky beasts
  3 necrophages (D:8)
  4 wolves
  6 ogres
  3 boggarts (D:14)
  4 centaurs
  11 crocodiles
  3 big kobolds
  11 bullfrogs
  A water moccasin zombie (D:5)
  An electric eel (D:14)
  12 wights
  5 crimson imps
  4 bullfrog zombies
  3 hounds
  2 jellies
  3 orc priests
  A wyvern simulacrum (D:12)
  2 bullfrog skeletons
  4 orc wizards
  3 centaur skeletons
  Terence (D:2)
  4 iguanas
  24 worker ants
  3 polar bear simulacra (D:13)
  A yak simulacrum (D:13)
  A wolf simulacrum (D:13)
  A killer bee zombie (D:6)
  3 centaur simulacra
  2 hound zombies (D:8)
  3 hound skeletons
  A mummy (D:8)
  A worker ant zombie (D:8)
  4 gnolls (D:2)
  25 adders
  4 river rats (Sewer)
  2 shadow imps (D:7)
  2 ufetubi (D:12)
  An ooze (D:6)
  An adder zombie (D:7)
  2 adder skeletons (D:4)
  3 worms
  2 dart slugs (D:3)
  10 leopard geckos
  4 orcs
  5 bats
  4 giant cockroaches
  7 goblins
  6 hobgoblins
  20 jackals
  13 kobolds
  6 quokkas
  9 ball pythons
  6 frilled lizards
  2 leopard gecko zombies
  30 rats
  4 river rat simulacra (D:13)
504 creatures vanquished.

Vanquished Creatures (collateral kills)
  Rupert (D:12)
  6 hydras
  A catoblepas (D:15)
  2 centaur warriors
  4 two-headed ogres
  A tengu warrior (D:15)
  A shock serpent (Snake:1)
  A naga sharpshooter (Snake:1)
  A salamander mystic (Snake:2)
  An unseen horror (D:13)
  A wizard (D:14)
  A necromancer (D:13)
  3 salamanders (Snake:1)
  4 ugly things (D:14)
  An elephant (Lair:6)
  A cyclops (D:15)
  3 naga magi
  6 black mambas
  An orange demon (Lair:6)
  3 spiny frogs
  A kobold demonologist (D:7)
  3 yaktaurs (D:15)
  2 komodo dragons
  A hellwing (Lair:6)
  A polar bear (Lair:2)
  2 trolls
  11 blink frogs
  3 hippogriffs
  8 dream sheep
  A centaur simulacrum (D:12)
  3 wyverns
  2 wraiths (D:15)
  6 yaks
  Grum (D:9)
  4 basilisks
  A hungry ghost (D:7)
  Menkaure (D:6)
  A warg (D:15)
  6 nagas
  4 water moccasins
  8 soldier ants (Lair:3)
  3 porcupines
  A hell hound (Lair:6)
  3 ice beasts (D:12)
  2 black bears
  An orc warrior (D:9)
  3 phantoms
  2 boggarts (D:14)
  A sky beast (D:12)
  A necrophage (D:8)
  A centaur (D:14)
  7 wolves
  2 ogres
  3 crocodiles
  9 bullfrogs
  A big kobold (D:7)
  3 scorpions
  5 wights
  A howler monkey (D:12)
  A crimson imp (D:7)
  2 bullfrog zombies
  A jelly (D:9)
  2 orc priests
  3 orc wizards
  2 bullfrog skeletons
  2 yak simulacra (D:13)
  16 worker ants
  A killer bee zombie (D:8)
  A hound skeleton (D:8)
  2 adders
  A shadow imp (D:14)
  A white imp (D:12)
  An adder skeleton (D:8)
  A worm (D:6)
  2 orcs
  2 jackals (D:8)
  A quokka (D:9)
  3 kobolds
  A leopard gecko skeleton (D:8)
  A quokka skeleton (D:8)
  A quokka zombie (D:7)
  A butterfly (Lair:6)
  6 fungi
  12 plants
  A withered plant (D:8)
230 creatures vanquished.

Vanquished Creatures (others)
  An orc sorcerer (Lair:3)
  3 orc knights
  A salamander (Snake:2)
  2 orc warriors
  2 orc wizards
  2 orc priests
  20 orcs
  3 fungi
  3 plants (Lair:6)
37 creatures vanquished.

Grand Total: 771 creatures vanquished

Notes
Turn   | Place    | Note
-------+----------+-------------------------------------------
     0 | D:1      | drasked the Hill Orc Fighter began the quest for the Orb.
     0 | D:1      | Reached XP level 1. HP: 19/19 MP: 1/1
     2 | D:1      | Noticed a felid
     2 | D:1      | Noticed a tengu
     4 | D:1      | Noticed a formicid
     4 | D:1      | Noticed a troll
     6 | D:1      | Noticed an elf
     6 | D:1      | Noticed a gargoyle
     8 | D:1      | Noticed a ghoul
    10 | D:1      | Noticed a vine stalker
    10 | D:1      | Noticed a halfling
    12 | D:1      | Noticed a demigod
    14 | D:1      | Noticed a merfolk
    14 | D:1      | Noticed a spriggan
    16 | D:1      | Noticed a human
    16 | D:1      | Noticed an octopode
    18 | D:1      | Noticed a demonspawn
    18 | D:1      | Noticed a vampire
    20 | D:1      | Noticed a centaur
    20 | D:1      | Noticed a draconian
    22 | D:1      | Noticed a naga
    22 | D:1      | Noticed a minotaur
    24 | D:1      | Noticed a dwarf
    26 | D:1      | Noticed an ogre
   266 | D:1      | Reached skill level 3 in Maces & Flails
   266 | D:1      | Reached XP level 2. HP: 19/26 MP: 2/2
   547 | D:1      | HP: 6/26 [poisoned by a goblin]
   555 | D:1      | HP: 5/26 [poisoned by a goblin]
  1584 | D:2      | Reached XP level 3. HP: 31/31 MP: 3/3
  1626 | D:2      | Noticed Terence
  1635 | D:2      | Killed Terence
  1635 | D:2      | Reached skill level 4 in Maces & Flails
  1683 | D:2      | Reached XP level 4. HP: 28/39 MP: 4/4
  1698 | D:2      | Reached skill level 5 in Maces & Flails
  1702 | D:2      | HP: 9/39 [gnoll/enchanted spear (5)]
  2299 | D:2      | Reached XP level 5. HP: 33/45 MP: 5/5
  2511 | D:3      | Became a worshipper of Beogh the Brigand
  2545 | D:3      | Found a shadowy altar of Dithmenos.
  2612 | D:3      | Reached skill level 6 in Maces & Flails
  3320 | D:3      | Found a hazy altar of Hepliaklqana.
  3349 | D:3      | Reached XP level 6. HP: 49/51 MP: 6/6
  3931 | D:4      | Reached skill level 7 in Maces & Flails
  4012 | D:4      | Noticed a hippogriff
  4183 | D:4      | Found a glowing drain.
  4210 | Sewer    | Entered a sewer
  4231 | Sewer    | Reached * piety under Beogh
  4596 | Sewer    | Reached ** piety under Beogh
  4708 | Sewer    | HP: 11/51 [bullfrog (4)]
  4713 | Sewer    | HP: 8/51 [poisoned by an adder]
  4718 | Sewer    | HP: 6/51 [poisoned by an adder]
  4723 | Sewer    | HP: 5/51 [poisoned by an adder]
  4730 | Sewer    | HP: 4/51 [poisoned by an adder]
  4738 | Sewer    | HP: 4/51 [poisoned by an adder]
  5029 | Sewer    | Reached skill level 8 in Maces & Flails
  5029 | Sewer    | Reached XP level 7. HP: 38/57 MP: 7/7
  5582 | D:4      | Reached skill level 9 in Maces & Flails
  5795 | D:4      | Reached skill level 4 in Fighting
  6026 | D:4      | Killed a hippogriff
  6026 | D:4      | Reached skill level 4 in Armour
  6026 | D:4      | Reached XP level 8. HP: 18/67 MP: 8/8
  6068 | D:4      | Found a stormy altar of Qazlal.
  6466 | D:4      | Found a snail-covered altar of Cheibriados.
  6612 | D:5      | Entered Level 5 of the Dungeon
  6622 | D:5      | Reached *** piety under Beogh
  6649 | D:5      | Found a staircase to the Ecumenical Temple.
  7014 | D:5      | Reached skill level 5 in Fighting
  7237 | D:5      | Reached skill level 10 in Maces & Flails
  7988 | D:6      | Found a burning altar of Makhleb.
  7995 | D:6      | Reached skill level 5 in Armour
  8005 | D:6      | Noticed Menkaure
  8010 | D:6      | Killed Menkaure
  8102 | D:6      | Reached skill level 6 in Fighting
  8188 | D:6      | Reached XP level 9. HP: 71/75 MP: 9/9
  8261 | D:6      | Gained Bogwald as an ally
  8327 | D:6      | Found a hide-covered altar of Uskayaw.
  8474 | D:6      | Reached skill level 11 in Maces & Flails
  8706 | D:6      | Found an opulent altar of Gozag.
  8868 | D:7      | Gained Zorug as an ally
  8998 | D:7      | Reached skill level 6 in Armour
  9110 | D:7      | Noticed a kobold demonologist
  9124 | D:7      | Killed a kobold demonologist
  9124 | D:7      | Reached skill level 7 in Fighting
  9135 | D:7      | Reached **** piety under Beogh
  9244 | D:7      | Found a basalt altar of Yredelemnul.
 10090 | D:8      | Reached skill level 12 in Maces & Flails
 10090 | D:8      | Reached skill level 7 in Armour
 10104 | D:8      | Noticed a two-headed ogre
 10112 | D:8      | Killed a two-headed ogre
 10112 | D:8      | Reached skill level 8 in Fighting
 10112 | D:8      | Reached XP level 10. HP: 66/88 MP: 10/10
 10211 | D:8      | Found Ynurghapp's Assorted Antiques.
 10297 | D:8      | Bought a murky inky potion for 23 gold pieces
 10297 | D:8      | Bought a scroll labeled SOALAG DIUSAPS for 26 gold pieces
 10297 | D:8      | Bought a blue potion for 23 gold pieces
 10297 | D:8      | Bought a murky inky potion for 23 gold pieces
 10297 | D:8      | Bought a scroll labeled SOALAG DIUSAPS for 26 gold pieces
 10297 | D:8      | Bought 2 scrolls labeled SOALAG DIUSAPS for 52 gold pieces
 10436 | D:8      | Noticed a two-headed ogre
 10445 | D:8      | HP: 20/88 [two-headed ogre/giant club (6)]
 10446 | D:8      | Killed a two-headed ogre
 10791 | D:8      | Noticed a two-headed ogre
 10798 | D:8      | Your ally Bogwald died
 10801 | D:8      | Killed a two-headed ogre
 11082 | D:8      | Reached skill level 8 in Armour
 11129 | D:9      | Noticed Grum
 11133 | D:9      | Reached skill level 13 in Maces & Flails
 11139 | D:9      | Reached skill level 9 in Fighting
 11146 | D:9      | Killed Grum
 11494 | D:9      | Found an iron altar of Okawaru.
 11518 | D:9      | Reached ***** piety under Beogh
 11730 | D:9      | HP: 17/91 [something (9)]
 11750 | D:9      | HP: 18/91 [something (6)]
 11756 | D:9      | HP: 8/91 [something (9)]
 11762 | D:9      | HP: 7/91 [something (9)]
 11764 | D:9      | HP: 1/91 [something (7)]
 11778 | D:9      | HP: 22/91 [something (5)]
 11780 | D:9      | HP: 10/91 [something (4)]
 11786 | D:9      | HP: 6/91 [worker ant (5)]
 11788 | D:9      | Noticed a two-headed ogre
 11793 | D:9      | Your ally Zorug died
 11802 | D:10     | Entered Level 10 of the Dungeon
 11812 | D:9      | HP: 18/91 [acid (1)]
 12226 | D:9      | Gained Bogric as an ally
 12347 | D:9      | Reached XP level 11. HP: 83/97 MP: 11/11
 12583 | D:10     | Found a staircase to the Lair.
 12606 | D:10     | Noticed a vault guard
 12620 | D:10     | Killed a vault guard
 12620 | D:10     | Reached skill level 9 in Armour
 12624 | D:10     | Found a portal to a secret trove of treasure.
 12772 | D:10     | Reached skill level 14 in Maces & Flails
 13009 | D:10     | Reached skill level 10 in Fighting
 13291 | D:10     | Noticed Nergalle
 13314 | D:10     | Killed Nergalle
 13741 | D:10     | Found a staircase to the Orcish Mines.
 13931 | Lair:1   | Entered Level 1 of the Lair of Beasts
 14009 | Lair:1   | Noticed a six-headed hydra
 14019 | Lair:1   | Killed a six-headed hydra
 14126 | D:9      | Noticed a centaur warrior
 14135 | D:9      | Killed a centaur warrior
 14202 | D:9      | HP: 24/101 [something (5)]
 14223 | D:9      | HP: 24/101 [something (3)]
 14225 | D:9      | Killed an unseen horror
 15035 | Lair:1   | Reached skill level 10 in Armour
 15513 | Lair:1   | Reached skill level 15 in Maces & Flails
 15526 | Lair:1   | Reached XP level 12. HP: 91/108 MP: 12/12
 15560 | Lair:2   | Reached skill level 11 in Fighting
 15576 | Lair:2   | HP: 22/110 [yak (8)]
 15579 | Lair:2   | HP: 10/110 [poisoned by a spiny frog]
 15584 | Lair:2   | HP: 7/110 [poisoned by a spiny frog]
 15589 | Lair:2   | HP: 6/110 [poisoned by a spiny frog]
 15594 | Lair:2   | HP: 5/110 [poisoned by a spiny frog]
 15601 | Lair:2   | HP: 5/110 [poisoned by a spiny frog]
 15609 | Lair:2   | HP: 5/110 [poisoned by a spiny frog]
 17096 | Lair:2   | Noticed a seven-headed hydra
 17104 | Lair:2   | Killed a seven-headed hydra
 17622 | Lair:3   | Gained Ognian as an ally
 17656 | Lair:3   | Noticed Protee's ghost (journeyman OpTm)
 17671 | Lair:3   | Killed Protee's ghost
 17770 | Lair:3   | Reached skill level 11 in Armour
 17771 | Lair:3   | Noticed a queen ant
 17805 | Lair:3   | Killed a queen ant
 17805 | Lair:3   | Reached skill level 16 in Maces & Flails
 17808 | Lair:3   | Reached ****** piety under Beogh
 17828 | Lair:3   | HP: 28/112 [poisoned by a worker ant]
 17859 | Lair:3   | HP: 28/112 [soldier ant (8)]
 17864 | Lair:3   | HP: 26/112 [poisoned by a soldier ant]
 17870 | Lair:3   | HP: 26/112 [poisoned by a soldier ant]
 17875 | Lair:3   | HP: 26/112 [poisoned by a soldier ant]
 17884 | Lair:3   | HP: 26/112 [poisoned by a soldier ant]
 17889 | Lair:3   | HP: 23/112 [poisoned by a worker ant]
 17896 | Lair:3   | HP: 22/112 [poisoned by a worker ant]
 17903 | Lair:3   | HP: 22/112 [poisoned by a worker ant]
 17911 | Lair:3   | HP: 22/112 [poisoned by a worker ant]
 18341 | Lair:3   | Noticed an eight-headed hydra
 18345 | Lair:3   | Reached skill level 12 in Fighting
 18354 | Lair:3   | HP: 27/112 [eight-headed hydra (6)]
 18355 | Lair:3   | HP: 7/112 [eight-headed hydra (8)]
 18356 | Lair:3   | Killed an eight-headed hydra
 18727 | Lair:3   | Noticed a five-headed hydra
 18734 | Lair:3   | Your ally Ognian died
 18741 | Lair:3   | HP: 22/112 [five-headed hydra (10)]
 18744 | Lair:3   | Killed a five-headed hydra
 18744 | Lair:3   | Reached XP level 13. HP: 12/118 MP: 13/13
 19981 | Lair:4   | Identified a scroll of acquirement
 20432 | Lair:4   | Found a staircase to the Snake Pit.
 20651 | Lair:4   | Found a staircase to the Shoals.
 20713 | Lair:4   | Reached skill level 12 in Armour
 21436 | Lair:5   | Reached skill level 1 in Invocations
 21449 | Lair:5   | Reached skill level 2 in Invocations
 21488 | Lair:5   | Reached skill level 13 in Fighting
 21553 | Lair:5   | Reached skill level 3 in Invocations
 21927 | Lair:6   | Entered Level 6 of the Lair of Beasts
 22002 | Lair:6   | Found a staircase to the Slime Pits.
 22103 | Lair:6   | Reached skill level 17 in Maces & Flails
 22117 | Lair:6   | HP: 26/122 [blink frog (11)]
 23138 | Lair:6   | Paralysed by a wizard for 6 turns
 23154 | Lair:6   | Found a burning altar of Makhleb.
 23168 | Lair:6   | Reached skill level 13 in Armour
 23177 | Lair:6   | HP: 29/123 [poisoned by an orange demon]
 23179 | Lair:6   | Reached XP level 14. HP: 30/130 MP: 16/16
 23182 | Lair:6   | HP: 27/130 [poisoned by an orange demon]
 23187 | Lair:6   | HP: 22/130 [poisoned by an orange demon]
 23193 | Lair:6   | HP: 13/130 [poisoned by an orange demon]
 23200 | Lair:6   | HP: 12/130 [poisoned by an orange demon]
 23207 | Lair:6   | HP: 12/130 [poisoned by an orange demon]
 23215 | Lair:6   | HP: 13/130 [poisoned by an orange demon]
 23580 | Lair:6   | Found a gateway to Hell.
 23897 | Lair:6   | Reached skill level 14 in Fighting
 24009 | Lair:6   | Gained Zorug as an ally
 25169 | D:12     | Noticed Rupert
 25174 | D:12     | Paralysed by Rupert for 3 turns
 25181 | D:12     | Killed Rupert
 25398 | D:12     | Found a glowing golden altar of the Shining One.
 26002 | D:13     | Found a labyrinth entrance.
 26030 | Lab      | Entered a labyrinth
 26323 | Lab      | Identified the Volume of Talismans
 26331 | Lab      | Identified the Reference Book on Snow
 26334 | Lab      | Identified the Catalogue of the Voyage
 26336 | Lab      | Got a transparent short sword
 26437 | D:13     | Identified the +9 short sword of Peval {pierce, rF- Str+4 Dex+10} (You found it in a labyrinth)
 27179 | D:13     | Reached skill level 18 in Maces & Flails
 27184 | D:13     | Got a shimmering morningstar
 27185 | D:13     | Identified the +7 morningstar of Destiny {speed, Str+4} (You found it on level 13 of the Dungeon)
 27712 | D:14     | Found a runed door.
 27712 | D:14     | Noticed a stone giant
 27722 | D:14     | Killed a stone giant
 27730 | D:14     | Reached skill level 14 in Armour
 27765 | D:14     | Reached skill level 15 in Fighting
 27788 | D:14     | Reached skill level 4 in Shields
 28010 | D:14     | Noticed a fire giant
 28059 | D:14     | Killed a fire giant
 28245 | D:14     | Found a gate to the Vaults.
 28257 | D:14     | Reached skill level 5 in Shields
 28655 | D:14     | Reached XP level 15. HP: 134/141 MP: 17/17
 28700 | D:15     | Entered Level 15 of the Dungeon
 28850 | D:15     | Found a shattered altar of Ashenzari.
 28975 | D:15     | Reached skill level 6 in Shields
 29407 | D:15     | Reached skill level 7 in Shields
 29871 | D:15     | Found a staircase to the Depths.
 29871 | D:15     | Noticed a frost giant
 29879 | D:15     | Killed a frost giant
 29879 | D:15     | Reached skill level 8 in Shields
 30219 | Snake:1  | Entered Level 1 of the Snake Pit
 30236 | Snake:1  | Got a slimy buckler
 30367 | Snake:1  | Reached skill level 9 in Shields
 31442 | Snake:1  | Reached skill level 10 in Shields
 31825 | Snake:1  | Identified the +3 buckler of Zaxt {rF+ Str-4 Int+2} (You found it on level 1 of the Snake Pit)
 32668 | Snake:2  | Reached skill level 4 in Invocations
 32926 | Snake:2  | Noticed Vashnia
 32950 | Snake:2  | HP: 33/143 [Vashnia/bolt (3)]
 32952 | Snake:2  | HP: 2/143 [Vashnia/bolt (37)]
 32952 | Snake:2  | Shot with a bolt by Vashnia

Vault maps used:
D:1:      kb_arrival_jail, minmay_misc_feat_doors
D:2:      first_bread, uniq_terence
D:3:      grunt_dithmenos_smoke_and_mirrors, lemuel_round_altar
D:4:      kennysheep_mini, kennysheep_little_box, gup_sewer_entry_bubbles,
          grunt_ministairs_13, minmay_misc_feat_secret_circle
D:5:      minmay_temple_entry_junction
D:6:      eat_drink_and_be_merry_uskayaw,
          nicolae_gozag_cash_rules_everything_around_me, basic_altar,
          st_stairs_4, kennysheep_big_empty_room, minmay_statues_item,
          uniq_menkaure
D:7:      yredelemnul_altar_generic
D:8:      serial_undead, serial_undead_d, serial_undead_f, serial_undead_e,
          serial_undead_c, serial_undead_a, serial_undead_c, serial_undead_f,
          serial_undead_c, serial_undead_c, serial_undead_e, serial_shops,
          nicolae_shop_trees
D:9:      nicolae_overflow_hidden_temple, grunt_livestock, grunt_potential,
          uniq_grum
D:10:     lair_entry_dummy, orc_0_dummy, enter_trove_5, uniq_nergalle
D:11:     kennysheep_generic_room_4
D:12:     serial_ice, serial_ice_n, serial_ice_f, serial_ice_i, serial_ice_m,
          tso_metal_star, uniq_rupert
D:13:     lab_entry_generic, eino_house_with_fridge
D:14:     david_vaults_2, serial_bayou_lagoon_a, minmay_hidden_floor
D:15:     grunt_enter_depths_snipers, nicolae_ashenzari_panopticon
Lair:1:   minivault_26, grunt_megastairs_1
Lair:2:   grunt_megastairs_5
Lair:3:   zaba_anthell
Lair:4:   shoals_dummy_entry, guppyfry_snake_entry_island
Lair:5:   nicolae_lair_yak_garden, infiniplex_staircase_pool_2
Lair:6:   evil_forest, slime_dummy, lemuel_fruit_fields
Snake:2:  uniq_vashnia
Lab:      nicolae_lab_dead_adventurers, nicolae_lab_starburst,
          labyrinth_skeletal_remains, nicolae_lab_garden, nicolae_lab_x,
          nicolae_lab_quarters, nicolae_lab_blocks
Sewer:    sewer_minmay_w

Skill      XL: |  1  2  3  4  5  6  7  8  9 10 11 12 13 14 15 |
---------------+----------------------------------------------+-----
Maces & Flails | 3 4 5 6 8 9 10 12 13 15 16 17 18 | 18.0
Fighting       | 4 6 8 9 10 12 13 15 | 15.9
Armour         | 4 5 7 8 10 11 13 14 | 14.9
Invocations    | 3 4 |  4.8
Shields        | 5 10 | 10.5

Action                   |  1- 3 |  4- 6 |  7- 9 | 10-12 | 13-15 || total
-------------------------+-------+-------+-------+-------+-------++-------
Melee: Flail             |   114 |   328 |   322 |   565 |    38 ||  1367
       Great mace        |       |       |       |       |   518 ||   518
       Morningstar       |       |       |       |       |   251 ||   251
Throw: Throwing net      |       |     1 |       |     2 |       ||     3
Invok: Convert to Beogh  |       |     1 |       |       |       ||     1
       Recall Orcish Fol |       |       |     3 |    18 |    45 ||    66
       Give Item to Name |       |       |       |     1 |       ||     1
       Stop Recall       |       |       |       |     2 |       ||     2
Evoke: Wand              |       |       |       |     1 |       ||     1
  Use: Potion            |       |     1 |     1 |    11 |     1 ||    14
       Scroll            |       |    10 |       |     9 |    16 ||    35
 Stab: Distracted        |       |       |     1 |     6 |     6 ||    13
       Petrified         |       |       |       |       |     2 ||     2
  Eat: Chunk             |     3 |     9 |    14 |    21 |    39 ||    86
       Royal jelly       |       |     1 |     2 |     3 |     2 ||     8
       Fruit             |       |       |       |       |     4 ||     4
       Bread ration      |       |       |       |       |     2 ||     2
Armor: Scale mail        |    33 |   142 |   105 |   103 |       ||   383
       Plate armour      |       |       |       |   159 |   291 ||   450
       Chain mail        |       |       |       |       |   234 ||   234
Dodge: Dodged            |    34 |   102 |    79 |   131 |   224 ||   570
       Deflected         |       |       |       |       |    35 ||    35
Block: Shield            |    73 |   178 |   112 |   252 |    52 ||   667
       Buckler           |       |       |       |       |    53 ||    53

Vault maps used:
D:1:      kb_arrival_jail, minmay_misc_feat_doors
D:2:      first_bread, uniq_terence
D:3:      grunt_dithmenos_smoke_and_mirrors, lemuel_round_altar
D:4:      kennysheep_mini, kennysheep_little_box, gup_sewer_entry_bubbles,
          grunt_ministairs_13, minmay_misc_feat_secret_circle
D:5:      minmay_temple_entry_junction
D:6:      eat_drink_and_be_merry_uskayaw,
          nicolae_gozag_cash_rules_everything_around_me, basic_altar,
          st_stairs_4, kennysheep_big_empty_room, minmay_statues_item,
          uniq_menkaure
D:7:      yredelemnul_altar_generic
D:8:      serial_undead, serial_undead_d, serial_undead_f, serial_undead_e,
          serial_undead_c, serial_undead_a, serial_undead_c, serial_undead_f,
          serial_undead_c, serial_undead_c, serial_undead_e, serial_shops,
          nicolae_shop_trees
D:9:      nicolae_overflow_hidden_temple, grunt_livestock, grunt_potential,
          uniq_grum
D:10:     lair_entry_dummy, orc_0_dummy, enter_trove_5, uniq_nergalle
D:11:     kennysheep_generic_room_4
D:12:     serial_ice, serial_ice_n, serial_ice_f, serial_ice_i, serial_ice_m,
          tso_metal_star, uniq_rupert
D:13:     lab_entry_generic, eino_house_with_fridge
D:14:     david_vaults_2, serial_bayou_lagoon_a, minmay_hidden_floor
D:15:     grunt_enter_depths_snipers, nicolae_ashenzari_panopticon
Lair:1:   minivault_26, grunt_megastairs_1
Lair:2:   grunt_megastairs_5
Lair:3:   zaba_anthell
Lair:4:   shoals_dummy_entry, guppyfry_snake_entry_island
Lair:5:   nicolae_lair_yak_garden, infiniplex_staircase_pool_2
Lair:6:   evil_forest, slime_dummy, lemuel_fruit_fields
Snake:2:  uniq_vashnia
Lab:      nicolae_lab_dead_adventurers, nicolae_lab_starburst,
          labyrinth_skeletal_remains, nicolae_lab_garden, nicolae_lab_x,
          nicolae_lab_quarters, nicolae_lab_blocks
Sewer:    sewer_minmay_w

Table legend:
 A = Turns spent in this place as a percentage of turns spent in the entire game.
 B = Non-inter-level travel turns spent in this place as a percentage of non-inter-level travel turns spent in the entire game.
 C = Inter-level travel turns spent in this place as a percentage of turns spent in this place.
 D = Turns resting spent in this place as a percentage of non-inter-level travel turns spent in this place.
 E = Turns spent auto-exploring this place as a percentage of non-inter-level travel turns spent in this place.
 F = Non-inter-level travel turns spent in this place divided by the number of levels of this place that you've seen.
                   A       B       C       D       E      F
               +-------+-------+-------+-------+-------+----------------------
         Total | 100.0 | 100.0 |   0.5 |   2.4 |   6.2 | 424.9
       Dungeon |  61.3 |  61.3 |   0.6 |   2.2 |   6.9 | 433.9
          Lair |  24.5 |  24.5 |   0.5 |   2.6 |   5.3 | 434.2
     Snake Pit |   6.3 |   6.3 |   0.1 |   5.4 |   6.4 | 336.0
     Labyrinth |   3.4 |   3.5 |   0.0 |   0.0 |   0.0 | 367.0
         Sewer |   4.4 |   4.4 |   0.0 |   1.9 |   6.6 | 469.0
               +-------+-------+-------+-------+-------+----------------------

Table legend:
 A = Kills in this place as a percentage of kills in entire the game.
 B = Kills by you in this place as a percentage of kills by you in the entire game.
 C = Kills by friends in this place as a percentage of kills by friends in the entire game.
 D = Other kills in this place as a percentage of other kills in the entire game.
 E = Experience gained in this place as a percentage of experience gained in the entire game.
 F = Experience gained in this place divided by the number of levels of this place that you have seen.
                   A       B       C       D       E      F
               +-------+-------+-------+-------+-------+----------------------
         Total | 100.0 | 100.0 | 100.0 | 100.0 | 100.0 | 4860.2
       Dungeon |  55.4 |  58.7 |  47.6 |   0.0 |  45.8 | 3709.1
          Lair |  30.3 |  24.6 |  44.3 |   0.0 |  35.6 | 7204.5
     Snake Pit |   6.9 |   6.2 |   8.1 | 100.0 |  16.8 | 10226.0
     Labyrinth |   0.7 |   1.0 |   0.0 |   0.0 |   1.5 | 1799.0
         Sewer |   6.7 |   9.5 |   0.0 |   0.0 |   0.3 | 390.0
               +-------+-------+-------+-------+-------+----------------------
